Map: [ESL] Crimson Court

Players

Clem

  • Race: Terran Terran
  • Spawn Location: 1:00

GuMiho - Winner!

  • Race: Terran Terran
  • Spawn Location: 7:00

Event: ESL Spring 2024 Finals

VOD

Have the link to the VOD?

Description

Time

  • Played on: June 1, 2024, 1:30 p.m.
  • Length: 30:26

All games in this series

Show
View Real Time Build Order
Export as new Build Order

Clem Terran 

Build Orders:  

Get SALT Encoding   

  12  0:00  SCV  
  13  0:12  SCV  
  14  0:16  Supply Depot  
  14  0:24  SCV  
  15  0:38  SCV  
  15  0:40  Barracks  
  16  0:42  Refinery  
  16  0:50  SCV  
  16  0:54  Refinery  
  17  1:02  SCV  
  18  1:14  SCV  
  19  1:27  Orbital Command  
  19  1:28  Barracks Reactor  
  19  1:31  Supply Depot  
  19  1:41  Factory  
  19  1:52  SCV  
  20  2:04  SCV, Reaper x2  
  23  2:11  Supply Depot  
  23  2:16  SCV  
  24  2:25  Hellion  
  26  2:32  Command Center  
  26  2:36  Reaper  
  27  2:37  Reaper  
  27  2:40  SCV  
  29  2:46  Hellion  
  31  2:52  SCV  
  31  3:06  SCV  
  31  3:08  Supply Depot  
  31  3:11  Starport  
  31  3:13  Reaper x2  
  31  3:19  Hellion  
  35  3:22  SCV  
  36  3:34  SCV  
  36  3:40  Cyclone  
  39  3:46  SCV, Marine  
  39  3:47  Marine  
  42  3:53  Medivac  
  42  3:55  Orbital Command  
  44  3:58  SCV  
  44  4:01  Refinery  
  45  4:06  Marine x2  
  47  4:12  SCV  
  44  4:21  SCV, Factory Tech Lab  
  44  4:24  SCV, Marine  
  45  4:27  Marine  
  45  4:28  Starport Tech Lab  
  47  4:33  SCV  
  47  4:36  SCV  
  48  4:42  Siege Tank, Marine  
  48  4:45  SCV, Marine  
  51  4:48  Supply Depot, Cloaking Field  
  51  4:51  Banshee  
  56  4:55  SCV  
  56  4:59  Marine  
  57  5:00  SCV  
  57  5:03  Marine  
  57  5:07  SCV  
  61  5:12  SCV  
  61  5:14  Siege Tank  
  61  5:17  Supply Depot  
  61  5:19  SCV  
  61  5:20  Marine  
  61  5:21  Marine  
  66  5:24  SCV  
  68  5:31  SCV  
  69  5:36  SCV, Command Center  
  69  5:38  Marine, Banshee  
  69  5:39  Marine  
  75  5:43  SCV  
  75  5:46  Barracks  
  75  5:49  Barracks  
  76  5:52  SCV  
  76  5:55  SCV, Refinery  
  78  5:58  Supply Depot  
  78  6:09  Engineering Bay  
  78  6:10  Engineering Bay  
  78  6:18  Supply Depot  
  78  6:20  Siege Tank, SCV x2  
  78  6:23  Marine x2  
  85  6:28  Supply Depot  
  85  6:31  Starport Reactor  
  85  6:32  SCV  
  86  6:37  Barracks Reactor  
  86  6:40  SCV, Terran Infantry Armor Level 1, Terran Infantry Weapons Level 1  
  86  6:42  Supply Depot  
  86  6:43  Stimpack  
  86  6:44  SCV  
  86  6:45  Marine x2  
  90  6:48  Barracks  
  90  6:51  Marine  
  90  6:53  Barracks  
  91  6:57  Siege Tank  
  94  7:02  Marine  
  94  7:03  Supply Depot, Marine  
  96  7:09  Marine  
  96  7:10  Medivac x2  
  96  7:14  Marine  
  102  7:17  Orbital Command  
  102  7:18  Supply Depot, Marine  
  102  7:20  Marine  
  102  7:21  Orbital Command, SCV  
  102  7:28  SCV  
  102  7:29  Missile Turret  
  103  7:30  Missile Turret  
  103  7:32  Siege Tank  
  107  7:39  Orbital Command, Marine  
  107  7:40  Marine  
  108  7:44  Barracks Reactor x2  
  108  7:45  SCV  
  108  7:47  SCV, Marine  
  108  7:49  Marine  
  108  7:50  Marine  
  113  7:54  Medivac  
  113  7:57  SCV, Marine  
  117  7:59  SCV  
  111  8:06  Siege Tank, Marine  
  111  8:07  Marine  
  111  8:08  Marine  
  111  8:09  SCV  
  111  8:10  Marine  
  111  8:11  SCV  
  107  8:14  Sensor Tower  
  107  8:15  Marine  
  107  8:16  SCV  
  109  8:21  SCV  
  109  8:23  Combat Shield, Marine x3  
  109  8:24  Marine x2  
  109  8:25  Marine, Armory  
  116  8:28  SCV  
  116  8:30  Marine, Refinery x2  
  116  8:31  SCV  
  116  8:33  SCV, Marine  
  121  8:35  Viking  
  121  8:39  Supply Depot  
  123  8:41  Viking  
  123  8:42  SCV, Marine  
  123  8:43  Marine  
  123  8:47  SCV  
  123  8:48  Supply Depot  
  129  8:49  Siege Tank  
  129  8:55  Factory  
  132  8:58  Marine  
  132  8:59  Marine x2  
  133  9:03  SCV  
  133  9:04  SCV x2  
  133  9:07  Marine x3  
  133  9:09  Supply Depot  
  138  9:10  Viking  
  138  9:13  Marine x3  
  138  9:15  SCV  
  138  9:16  Terran Infantry Weapons Level 2  
  144  9:18  Supply Depot  
  144  9:21  Terran Infantry Armor Level 2  
  144  9:22  Marine x3  
  147  9:28  Siege Tank  
  150  9:31  Marine  
  150  9:32  Supply Depot  
  150  9:33  Marine x3  
  150  9:34  Marine  
  150  9:35  Terran Vehicle Weapons Level 1  
  155  9:40  Supply Depot  
  155  9:46  Command Center  
  155  9:50  Supply Depot  
  155  9:51  Siege Tank, Barracks Reactor  
  155  9:52  Marine  
  158  9:53  Marine x2  
  158  9:56  Marine x3  
  158  9:59  Marine  
  165  10:03  Siege Tank  
  169  10:07  Viking  
  169  10:10  Marine x2  
  169  10:13  Starport, Viking  
  174  10:15  SCV x2  
  174  10:17  SCV  
  177  10:23  Siege Tank, Marine x2  
  177  10:24  Marine  
  177  10:27  SCV  
  184  10:33  SCV  
  185  10:36  Unknown  
  185  10:37  Sensor Tower  
  185  10:38  Missile Turret  
  185  10:41  Supply Depot, Viking  
  187  10:43  Viking  
  187  10:44  Siege Tank  
  187  10:46  Marine  
  187  10:49  SCV  
  194  10:56  Starport Reactor  
  194  10:57  Marine  
  195  11:08  Command Center  
  195  11:10  Command Center  
  195  11:12  Starport  
  195  11:13  Viking  
  195  11:17  Siege Tank  
  200  11:21  Planetary Fortress  
  199  11:29  Viking  
  194  11:33  Viking  
  194  11:36  Liberator  
  189  11:43  Viking  
  175  11:48  Siege Tank  
  175  11:50  Marine  
  175  11:51  Marine  
  176  11:56  Marine, Command Center  
  176  11:58  Liberator  
  177  12:03  Starport Reactor, Viking  
  177  12:04  Fusion Core  
  177  12:06  Terran Vehicle Weapons Level 2  
  179  12:12  Viking  
  179  12:15  Terran Infantry Weapons Level 3  
  181  12:24  Viking  
  181  12:29  Missile Turret  
  183  12:33  Orbital Command, Viking  
  185  12:40  Viking  
  187  12:44  Starport  
  187  12:45  Refinery  
  187  12:46  Liberator  
  187  12:47  Refinery  
  187  12:49  Terran Infantry Armor Level 3, Missile Turret, Sensor Tower  
  190  12:58  Missile Turret  
  190  13:01  Missile Turret  
  172  13:06  Siege Tank, Marine  
  172  13:10  Orbital Command, Liberator  
  177  13:14  Liberator, Viking  
  177  13:16  Marine  
  177  13:17  Marine  
  177  13:19  Marine  
  185  13:23  Marine x3  
  185  13:24  Siege Tank  
  185  13:26  Advanced Ballistics  
  187  13:37  Sensor Tower  
  187  13:38  Siege Tank, Missile Turret  
  187  13:39  Marine, Refinery  
  187  13:40  Marine x2  
  194  13:42  Liberator  
  194  13:48  Planetary Fortress  
  197  13:50  SCV  
  197  13:51  Refinery  
  197  13:53  Marine x3  
  200  13:57  SCV, Marine x2  
  200  14:03  Missile Turret x2  
  200  14:11  Starport  
  200  14:16  Marine  
  200  14:22  Liberator x3  
  200  14:23  Liberator  
  198  14:28  Starport Tech Lab  
  198  14:34  Marine  
  198  14:36  Marine x2  
  194  14:38  Siege Tank, Marine  
  194  14:39  Marine x4  
  194  14:42  Marine  
  194  14:44  Siege Tank  
  193  14:49  Liberator  
  193  14:51  Sensor Tower  
  193  14:52  Marine, Missile Turret  
  189  14:57  Liberator  
  181  15:00  Liberator x2  
  181  15:02  Marine  
  181  15:03  Marine x2  
  181  15:04  Marine  
  181  15:05  Liberator  
  192  15:07  SCV  
  192  15:08  SCV  
  192  15:09  SCV  
  192  15:10  Siege Tank  
  192  15:13  Viking  
  200  15:16  Terran Vehicle And Ship Armor Level 1  
  197  15:48  Liberator  
  197  15:53  Liberator  
  197  15:54  Siege Tank  
  197  15:55  Liberator  
  192  15:57  Liberator x2  
  192  16:01  Starport Tech Lab  
  192  16:03  Weapon Refit  
  198  16:05  Marine  
  198  16:07  Marine  
  200  16:14  Command Center  
  200  16:18  Command Center  
  200  16:36  Cyclone, Liberator  
  200  16:37  Liberator x2  
  200  16:38  Siege Tank  
  200  16:39  Liberator x2, Marine  
  184  16:40  Marine  
  184  16:42  Marine  
  184  16:45  Liberator  
  187  16:50  Liberator  
  190  16:59  Marine  
  191  17:05  Battlecruiser  
  194  17:10  Siege Tank, Marine  
  194  17:12  Orbital Command, Marine x2  
  200  17:34  Starport  
  200  17:38  Terran Vehicle And Ship Armor Level 2  
  200  17:41  Armory  
  200  17:44  Missile Turret  
  200  17:46  Sensor Tower  
  200  17:48  Orbital Command, Command Center  
  198  18:21  Command Center x2  
  195  18:36  Siege Tank  
  196  18:54  Liberator  
  196  18:55  Siege Tank  
  196  18:56  Marine  
  196  18:57  Marine x2  
  196  19:00  Battlecruiser x2, Marine x2  
  172  19:03  Marine  
  172  19:04  Marine x3  
  172  19:08  Siege Tank  
  177  19:14  Marine x2  
  179  19:22  Marine  
  180  19:27  Starport Tech Lab, Siege Tank  
  180  19:29  Orbital Command  
  177  19:40  Siege Tank  
  180  19:47  Viking  
  180  19:48  Battlecruiser, Viking x2  
  192  19:58  Missile Turret x2  
  192  19:59  Siege Tank  
  195  20:04  Battlecruiser  
  197  20:07  Orbital Command  
  197  20:12  Siege Tank  
  196  20:31  Siege Tank  
  198  20:35  Battlecruiser  
  198  20:42  Viking  
  200  20:53  Terran Ship Weapons Level 1  
  200  20:57  Terran Vehicle And Ship Armor Level 3  
  200  20:58  Missile Turret, Refinery x2  
  200  20:59  Sensor Tower  
  200  21:07  Orbital Command, Missile Turret  
  200  21:11  Orbital Command, Missile Turret x2  
  200  21:15  Command Center  
  179  21:28  Battlecruiser  
  173  21:35  Siege Tank, Marine x2  
  173  21:43  Liberator  
  173  21:44  Marine x2  
  173  21:45  Marine  
  176  21:50  Siege Tank  
  165  21:54  Marine x2  
  165  22:00  Marine  
  165  22:07  Siege Tank  
  168  22:09  Liberator  
  168  22:13  Marine x4  
  168  22:15  Marine x2  
  176  22:22  Siege Tank  
  173  22:24  Marine x2  
  173  22:28  Marine  
  169  22:30  Marine  
  169  22:31  Marine x2  
  172  22:39  Siege Tank, Marine x2  
  177  22:45  Orbital Command  
  175  22:54  Siege Tank  
  175  22:57  Liberator  
  175  22:58  Marine x2  
  182  23:01  Marine x2  
  176  23:17  Siege Tank  
  179  23:25  Viking  
  176  23:34  Marine  
  176  23:36  Marine  
  178  23:43  Siege Tank, Marine  
  178  23:45  Marine  
  178  23:47  Marine x2  
  185  23:55  Marine x2  
  185  24:02  Marine  
  188  24:06  Orbital Command  
  188  24:11  Refinery  
  188  24:13  Refinery  
  188  24:17  Marine x2  
  188  24:21  Marine  
  188  24:22  Siege Tank, Marine x3  
  185  24:27  Marine  
  176  24:44  Orbital Command  
  176  24:45  Marine  
  171  24:55  Refinery  
  171  24:56  Siege Tank  
  171  24:57  Refinery  
  172  25:00  Marine x2  
  175  25:14  Terran Ship Weapons Level 2  
  175  25:15  Marine  
  170  25:27  SCV x4  
  170  25:28  SCV x3  
  175  25:29  SCV x2  
  182  25:35  Siege Tank  
  182  25:37  Marine x2  
  182  25:39  SCV  
  185  25:45  Orbital Command, Siege Tank, Marine  
  189  25:51  Marine  
  189  25:53  SCV  
  191  26:09  Siege Tank  
  194  26:13  SCV  
  194  26:14  SCV  
  177  26:33  Siege Tank  
  177  26:35  Marine  
  181  26:41  Siege Tank  
  172  26:47  Marine x2  
  173  26:54  Orbital Command  
  172  27:03  SCV x2  
  172  27:05  Siege Tank  
  177  27:17  Siege Tank  
  175  27:34  Missile Turret  
  175  27:42  Siege Tank  
  153  27:55  Orbital Command  
  153  28:07  Siege Tank  
  153  28:08  Marine  
  153  28:09  Marine  
  132  28:23  Marine x6  
  137  28:31  Marine  
  134  28:44  SCV  
  135  28:51  SCV  
  129  29:17  Refinery  
  129  29:21  Refinery  
  120  29:38  Orbital Command  
  120  29:54  SCV x3  
  120  29:55  SCV  
  124  30:06  SCV  
  125  30:11  SCV  
Show
View Real Time Build Order
Export as new Build Order

GuMiho Terran - Winner!

Build Orders:  

Get SALT Encoding   

  12  0:00  SCV  
  13  0:12  SCV  
  14  0:16  Supply Depot  
  14  0:24  SCV  
  15  0:38  SCV  
  15  0:39  Barracks  
  15  0:42  Refinery  
  16  0:50  SCV  
  17  0:58  Barracks  
  17  1:02  SCV  
  18  1:14  SCV  
  19  1:26  Orbital Command, Reaper  
  19  1:30  Supply Depot  
  20  1:44  Reaper  
  21  1:51  SCV  
  22  2:02  Reaper  
  22  2:03  SCV  
  24  2:08  Command Center  
  24  2:15  Refinery  
  24  2:16  SCV  
  24  2:19  Reaper  
  26  2:25  Supply Depot  
  26  2:28  SCV  
  27  2:36  Marine  
  28  2:40  SCV  
  29  2:46  Bunker  
  29  2:49  Factory  
  28  3:01  SCV  
  28  3:05  Marine  
  28  3:06  Marine  
  30  3:18  SCV  
  31  3:22  Orbital Command  
  31  3:23  Marine x2  
  33  3:30  SCV  
  33  3:33  Cyclone  
  36  3:38  Starport  
  36  3:42  SCV, Barracks Reactor  
  37  3:54  SCV  
  37  3:55  Barracks Tech Lab  
  38  3:56  SCV  
  39  4:06  SCV  
  39  4:08  SCV, Cyclone  
  43  4:15  Marine  
  41  4:18  Marine x2  
  41  4:19  Stimpack  
  41  4:20  SCV x2  
  42  4:24  Medivac  
  42  4:32  SCV, Marine  
  42  4:33  SCV  
  42  4:36  Marine  
  45  4:41  Factory Tech Lab  
  45  4:44  SCV  
  45  4:46  SCV, Command Center  
  45  4:51  Supply Depot  
  45  4:52  Marine x2  
  48  4:57  SCV, Refinery  
  48  4:58  SCV  
  48  4:59  Siege Tank, Refinery  
  52  5:10  SCV  
  52  5:11  SCV  
  52  5:13  Marine x3  
  57  5:23  SCV  
  57  5:24  SCV  
  57  5:27  Starport Reactor  
  59  5:29  Supply Depot  
  59  5:30  Supply Depot  
  59  5:35  SCV  
  59  5:37  SCV  
  62  5:51  Supply Depot, SCV x2  
  62  5:53  Siege Tank  
  64  5:59  Orbital Command  
  64  6:00  Combat Shield, Marine x2  
  64  6:01  Marine  
  64  6:03  SCV x2  
  69  6:08  Medivac x2  
  73  6:15  SCV x2  
  74  6:20  Engineering Bay  
  73  6:30  Siege Tank  
  75  6:39  Marine x2  
  76  6:42  SCV x3  
  76  6:43  Viking  
  81  6:49  Missile Turret  
  81  6:51  Marine  
  81  6:53  Missile Turret  
  80  6:57  Marine  
  79  7:03  SCV  
  79  7:04  SCV x2  
  79  7:07  Marine  
  83  7:09  Marine  
  83  7:15  Marine  
  83  7:16  SCV x2  
  83  7:22  Liberator x2  
  92  7:25  Orbital Command  
  91  7:30  Engineering Bay  
  91  7:32  SCV  
  91  7:33  Supply Depot, Terran Infantry Weapons Level 1  
  92  7:40  SCV  
  93  7:44  SCV  
  93  7:46  Supply Depot  
  93  7:47  Supply Depot  
  93  7:48  Siege Tank  
  97  7:51  SCV  
  97  7:52  SCV  
  97  7:56  SCV  
  100  7:58  Terran Infantry Armor Level 1  
  96  8:11  SCV x2  
  93  8:15  Viking  
  93  8:16  SCV, Viking  
  96  8:20  Siege Tank  
  96  8:22  Factory  
  96  8:23  SCV x2  
  96  8:26  Factory  
  96  8:27  Refinery  
  101  8:31  Barracks Reactor  
  101  8:32  SCV, Barracks  
  101  8:33  Marine  
  103  8:34  Marine  
  103  8:35  SCV  
  103  8:37  SCV  
  106  8:44  SCV  
  106  8:47  SCV  
  108  8:49  SCV  
  108  8:51  Marine  
  108  8:52  Siege Tank, Marine  
  114  8:56  SCV  
  114  8:59  SCV  
  114  9:01  SCV  
  117  9:07  Marine x2  
  117  9:09  Marine  
  114  9:10  Marine  
  114  9:13  SCV x2, Refinery, Missile Turret  
  114  9:14  Missile Turret  
  114  9:15  Siege Tank, Missile Turret  
  120  9:22  Command Center, Armory  
  120  9:23  Sensor Tower  
  120  9:24  Supply Depot x2, Siege Tank  
  120  9:25  Marine x2  
  125  9:33  SCV x3  
  125  9:35  Marine x2  
  125  9:37  Barracks Reactor  
  130  9:41  Viking x2  
  130  9:43  Marine  
  130  9:45  SCV x3  
  138  9:55  Barracks x2  
  138  9:57  SCV x2  
  138  9:59  Siege Tank x2  
  146  10:02  Marine x2, Missile Turret  
  146  10:03  Marine x2  
  150  10:09  Terran Infantry Weapons Level 2  
  150  10:10  Terran Infantry Armor Level 2  
  150  10:12  Terran Vehicle Weapons Level 1  
  150  10:13  Marine x2  
  152  10:18  Viking  
  152  10:20  Marine x2  
  156  10:33  Supply Depot, Viking  
  156  10:34  Supply Depot  
  156  10:35  Supply Depot  
  158  10:37  Siege Tank x2  
  163  10:55  Marine x4  
  163  10:56  Marine  
  166  11:04  Viking x2  
  168  11:09  Planetary Fortress  
  170  11:12  Marine x3  
  170  11:14  Sensor Tower  
  170  11:17  Command Center  
  173  11:22  Command Center  
  173  11:26  Marine x2  
  173  11:27  Marine x3  
  173  11:28  Missile Turret x2  
  173  11:30  Marine x3  
  167  11:42  Factory  
  167  11:44  Marine x2  
  164  11:47  Siege Tank  
  164  11:49  Marine x3  
  164  11:50  Marine  
  164  11:53  Viking x2  
  177  12:00  SCV x2  
  179  12:02  Marine x2  
  179  12:07  Marine x3, Barracks Reactor x2  
  182  12:09  Marine  
  182  12:14  Missile Turret  
  182  12:15  Missile Turret  
  183  12:19  Siege Tank, Missile Turret  
  183  12:20  Marine x2  
  188  12:25  Marine x3  
  191  12:30  Orbital Command  
  191  12:38  Terran Infantry Armor Level 3, Terran Infantry Weapons Level 3  
  191  12:39  Terran Vehicle Weapons Level 2  
  191  12:41  Factory Tech Lab  
  191  12:45  Refinery x2  
  191  12:47  Marine x5  
  191  12:51  Marine x4  
  193  13:14  Marine x2  
  192  13:22  Medivac x2  
  200  13:31  Marine x2  
  200  13:32  Planetary Fortress  
  200  13:44  Thor, Command Center  
  200  13:49  Starport  
  200  13:51  Starport x2  
  200  14:03  Unknown  
  200  14:06  Sensor Tower  
  194  14:28  Siege Tank  
  194  14:30  Marine x2  
  177  14:42  Marine  
  168  14:47  Marine x6  
  168  14:48  Marine x3  
  168  14:49  Medivac x2  
  151  15:00  Marine  
  151  15:04  Raven, Interference Matrix, Marine, Starport Tech Lab  
  151  15:05  Starport Tech Lab, Marine x6  
  151  15:06  Marine x2  
  162  15:14  Thor x2  
  174  15:17  Marine  
  174  15:19  Medivac x2  
  177  15:22  Marine x3  
  177  15:23  Marine  
  177  15:26  Command Center  
  177  15:27  Marine x2  
  180  15:31  Marine x3  
  180  15:35  Marine  
  182  15:44  Marine x2  
  182  15:47  Marine x4  
  186  15:56  Thor  
  177  15:57  Marine  
  177  15:58  Marine x3  
  177  16:01  Raven  
  177  16:02  Raven x2, Marine x2, Medivac  
  177  16:03  Medivac  
  190  16:04  Marine x2  
  190  16:05  Marine x2  
  190  16:11  Terran Vehicle Weapons Level 3  
  191  16:14  Planetary Fortress  
  191  16:15  Marine x4  
  195  16:20  Marine x2  
  195  16:22  Marine x2  
  195  16:23  Marine  
  179  16:44  Marine x10  
  179  16:45  Siege Tank  
  182  16:53  SCV x4  
  186  17:02  Marine x5  
  186  17:04  Raven x2, Siege Tank  
  186  17:05  Raven  
  200  17:25  Planetary Fortress  
  200  17:26  Command Center  
  200  17:32  Barracks  
  200  17:33  Barracks x2  
  200  17:34  Barracks  
  197  17:37  Missile Turret  
  194  17:50  Viking  
  195  17:55  Missile Turret  
  191  18:01  Viking x2  
  192  18:08  Raven x2  
  196  18:23  Marine x4  
  195  18:42  Planetary Fortress  
  185  18:50  Missile Turret  
  185  18:54  Missile Turret  
  179  18:59  Marine x14  
  179  19:00  Siege Tank x2  
  180  19:02  Raven  
  180  19:03  Raven  
  178  19:17  Marine x9  
  176  19:21  Raven  
  176  19:22  SCV x4  
  188  19:32  Siege Tank  
  188  19:34  SCV x4  
  188  19:37  Raven  
  188  19:38  Raven  
  199  19:41  Barracks Reactor x4  
  199  19:47  Missile Turret  
  199  19:48  Missile Turret  
  199  19:50  Missile Turret  
  199  19:51  Missile Turret x2  
  199  19:52  Missile Turret  
  199  20:02  Terran Vehicle And Ship Armor Level 1  
  196  20:11  Missile Turret  
  196  20:13  Missile Turret  
  194  20:28  Siege Tank x2  
  186  20:45  Marine x7  
  186  20:46  Raven x3  
  186  20:47  Marine  
  186  20:48  Marine x6  
  186  20:49  Marine x2  
  200  20:56  Missile Turret  
  200  21:05  Command Center  
  200  21:15  Refinery x2, Command Center x2  
  177  21:37  Marine x2  
  177  21:39  Marine x2  
  180  21:43  Marine x3  
  142  21:55  Marine x9  
  142  21:56  Marine x4  
  142  21:57  Marine x2  
  142  21:58  Raven x2  
  142  21:59  Raven, Viking  
  142  22:00  Viking  
  166  22:01  Marine x3  
  168  22:12  Marine  
  168  22:13  Marine x8  
  168  22:14  Marine x4  
  177  22:16  Terran Vehicle And Ship Armor Level 2  
  162  22:25  Marine  
  162  22:26  Marine x4  
  162  22:30  Marine  
  162  22:31  Marine x9, Missile Turret  
  162  22:32  Marine x2  
  162  22:36  Viking x2  
  162  22:37  Viking x2  
  180  22:42  Orbital Command  
  182  22:45  Marine  
  182  22:46  Marine x2  
  182  22:51  Marine x2, Missile Turret  
  187  23:03  Marine x3  
  187  23:04  Marine  
  191  23:06  Marine x3  
  191  23:07  Marine  
  191  23:12  Marine x2  
  195  23:13  Marine  
  197  23:25  Marine x2  
  197  23:26  Marine  
  197  23:27  Marine x2  
  194  23:28  Marine x2  
  194  23:29  Marine x3  
  194  23:31  Raven  
  200  23:38  Marine  
  200  23:39  Marine x5  
  200  23:40  Marine  
  200  23:47  Marine x4  
  198  23:50  Marine x2  
  200  24:05  Unknown, Sensor Tower  
  190  24:17  Command Center  
  188  24:25  Medivac x4  
  188  24:26  Medivac  
  188  24:30  Marine  
  188  24:31  Marine  
  200  24:49  Refinery x2, Missile Turret  
  200  24:50  Missile Turret  
  200  24:53  Orbital Command  
  199  25:05  Marine  
  199  25:06  Marine x17  
  200  25:09  Command Center  
  195  25:23  Marine x3  
  195  25:26  Marine x2  
  192  25:45  Marine x2  
  192  25:46  Marine x2  
  195  25:51  Medivac x2  
  198  26:00  Planetary Fortress  
  197  26:07  Orbital Command, Sensor Tower  
  197  26:15  Command Center  
  184  26:35  Medivac x2  
  188  26:45  Marine  
  188  26:46  Marine x12  
  191  26:47  Marine x5  
  189  27:02  SCV x2  
  189  27:03  SCV x2, Marine x3  
  189  27:04  Marine x5  
  189  27:07  Terran Vehicle And Ship Armor Level 3  
  189  27:30  Marine x9  
  189  27:31  Marine x2  
  181  27:53  Marine x12  
  176  28:19  Marine x2  
  170  28:21  Marine x7  
  170  28:27  Marine x2  
  176  28:30  Orbital Command  
  176  29:07  Raven x3  
  182  29:13  Siege Tank x2  
  182  29:15  Marine x2  
  188  29:25  Medivac  
  179  29:38  Marine x2  
  179  29:39  Marine x4  
  179  29:40  Marine x2  
  186  29:45  Marine x2  
  186  29:46  Marine x2  
  186  29:47  Marine  
  186  29:48  Marine x2  
  186  29:51  Marine x3  
  196  29:58  Marine  
Tags
 
Add a new tag
Caveats
  • Supply blocks, unpowered buildings, or Contaminate may cause inaccurate times.
  • Supply counts are checked every 10 seconds.